 Dungeon Crawl Stone Soup version 0.21-a0-417-g0adc95b (webtiles) character file.

45 Koleisus the Sneak (level 3, -3/24 HPs)
             Began as an Octopode Assassin on Nov 3, 2017.
             Slain by a goblin (5 damage)
             ... led by Robin
             ... on level 2 of the Dungeon.
             The game lasted 00:04:14 (1009 turns).

Koleisus the Sneak (Octopode Assassin)              Turns: 1009, Time: 00:04:15

Health: -3/24      AC:  1    Str: 10    XL:     3   Next: 64%
Magic:  12/12      EV: 13    Int: 13    God:
Gold:   48         SH:  0    Dex: 14    Spells: 2/2 levels left

rFire    . . .     SeeInvis .   a - +2 dagger
rCold    . . .     Gourm    .   (no shield)
rNeg     . . .     Faith    .   (helmet restricted)
rPois    .         Spirit   .   (no amulet)
rElec    .         Reflect  .   g - ring of magical power
rCorr    .         Harm     .   (no ring)
MR       .....                  (no ring)
Stlth    ++++......             (no ring)
HPRegen  0.08/turn              (no ring)
MPRegen  0.13/turn              (no ring)
                                (no ring)
                                (no ring)

@: no status effects
A: almost no armour, stealthy swim, amphibious, 8 rings, constrict 8, camouflage
1, gelatinous body 1
a: no special abilities


You were on level 2 of the Dungeon.
You were not hungry.

You visited 1 branch of the dungeon, and saw 3 of its levels.

You collected 48 gold pieces.

Inventory:

Hand Weapons
 a - a +2 dagger (weapon)
 b - a +0 blowgun
Missiles
 c - 8 poisoned needles
 d - 2 curare-tipped needles
 m - 3 tomahawks (quivered)
Jewellery
 g - a ring of magical power (left tentacle)
 n - an uncursed ring of poison resistance {unknown}
Scrolls
 e - a scroll of remove curse {unknown}
 h - a scroll of fog {unknown}
 j - a scroll of identify {unknown}
 k - a scroll of amnesia {unknown}
Potions
 l - a potion of agility {unknown}
Comestibles
 f - 2 bread rations
 i - a chunk of flesh


   Skills:
 + Level 2.3 Fighting
 + Level 2.2 Short Blades
 + Level 2.4 Throwing
 + Level 1.0 Dodging
 + Level 6.4 Stealth


You had 2 spell levels left.
You didn't know any spells.

Dungeon Overview and Level Annotations

Branches:
Dungeon (3/15)

Altars:
Uskayaw

Annotations:
D:2 Robin


Innate Abilities, Weirdness & Mutations

You cannot wear most types of armour.
You are very stealthy in the water. (Stealth+)
You are amphibious.
You can wear up to eight rings at the same time.
You can use your tentacles to constrict eight enemies at once.
Your skin changes colour to match your surroundings (Stealth+).
Your rubbery body absorbs attacks. (AC +1, EV +1)


Message History

The goblin wields a hunting sling.
The goblin shoots a sling bullet.
The sling bullet hits you! Robin throws the goblin at you!
* * * LOW HITPOINT WARNING * * *
A goblin comes into view. It is wielding a club.
You see here a club.
You barely miss the goblin.
The goblin shouts! x2
Your grab misses the goblin.
The goblin unwields an uncursed hunting sling.
The goblin hits you.
* * * LOW HITPOINT WARNING * * *
The goblin misses you.
You hit the goblin.
You kill the goblin!
The goblin closely misses you.
You hit the goblin. Your grab misses the goblin.
The goblin is severely wounded.
The goblin hits you.
You die...

#..###### # #.......# #
#.....)_# ##..####.# #
#.....!S ##...####.####
#.b.... #.............
#..... #....####.....
#..8. 8 #....#########
#...
.gSg#######.............
#.?#
#gggg@(†.....#########
#<# ##g#######.###.##
#.# #.##...###### #.#
#.#.........# ...
#.##...####.. ..#
#.###.## ### #..# #.#
#.# #..# #.# #.# #..#
#.# #.#


You could see Robin, an adder (wandering), 2 hobgoblins and 4 goblins.

Vanquished Creatures
  An adder (D:2)
  An ooze (D:2)
  2 giant cockroaches
  2 hobgoblins
  4 jackals (D:1)
  A bat (D:1)
  5 frilled lizards
  9 goblins
  2 kobolds (D:1)
  5 rats
32 creatures vanquished.

Notes
Turn   | Place    | Note
-------+----------+-------------------------------------------
     0 | D:1      | Koleisus the Octopode Assassin began the quest for the Orb.
     0 | D:1      | Reached XP level 1. HP: 14/14 MP: 1/1
   104 | D:1      | Reached XP level 2. HP: 5/19 MP: 2/2
   564 | D:1      | Reached skill level 6 in Stealth
   588 | D:2      | Found a hide-covered altar of Uskayaw.
   648 | D:1      | You fall through a shaft!
   715 | D:2      | Reached XP level 3. HP: 24/24 MP: 3/3
   997 | D:2      | Noticed Robin
  1009 | D:2      | Slain by a goblin

Vault maps used:
D:1:      dpeg_arrival_rooms_c, serial_bayou_ford_a, minmay_statues_item
D:2:      eat_drink_and_be_merry_uskayaw, uniq_robin

Skill      XL: |  1  2 |
---------------+-------+-----
Stealth        | 6 |  6.4
Fighting       | |  2.3
Short Blades   | |  2.2
Throwing       | |  2.4
Dodging        | |  1.0

Action                   || total
-------------------------++-------
Melee: Dagger            ||    56
       Constrict         ||    12
       Tentacles         ||     9
 Stab: Sleeping          ||     6
Armor: Skin              ||     4
Dodge: Dodged            ||    18

Table legend:
 A = Spawn XP
 B = Non-spawn XP
 C = Spawn XP percentage of total XP
 D = Spawn monster count
 E = Non-spawn monster count
 F = Spawn count percentage of total count
 G = Total turns spent on level
                    A         B        C        D         E        F      G
               +---------+---------+-------+---------+---------+-------+---------
         Total |       0 |      65 |   0.0 |       0 |      32 |   0.0 |  1009
               +---------+---------+-------+---------+---------+-------+---------
           D:1 |       0 |      27 |   0.0 |       0 |      18 |   0.0 |   642
           D:2 |       0 |      38 |   0.0 |       0 |      14 |   0.0 |   363
               +---------+---------+-------+---------+---------+-------+---------
